 Dungeon Crawl Stone Soup version 0.18.1-6-gd335043 (webtiles) character file.

23 HungrySpirit the Scratcher (level 2, 0/12 HPs)
             Began as a Felid Transmuter on May 18, 2016.
             Slain by a hobgoblin
             ... wielding a +0 club
              (5 damage)
             ... on level 2 of the Dungeon.
             The game lasted 00:02:33 (1133 turns).

HungrySpirit the Scratcher (Felid Transmuter)       Turns: 1133, Time: 00:02:35

Health: 0/12       AC:  1    Str:  6    XL:     2   Next: 72%
Magic:  6/6        EV: 18    Int: 14    God:
Gold:   27         SH:  0    Dex: 16    Spells: 2 memorised, 2 levels left
                                        Lives:  0   Deaths: 0

rFire  . . .     SeeInvis +       - Unarmed
rCold  . . .     Gourm    .     (armour unavailable)
rNeg   . . .     Faith    .     (shield unavailable)
rPois  .         Spirit   .     (helmet unavailable)
rElec  .         Dismiss  .     (cloak unavailable)
rCorr  .         Reflect  .     (gloves unavailable)
SustAt .         Harm     .     (boots unavailable)
MR     .....                    (no amulet)
Stlth  ++........               (no ring)
                                (no ring)

@: quick, not resistant to hostile enchantments, unstealthy
A: no armour, no weapons or thrown items, claws 1, fangs 3, see invisible,
carnivore 3, speed 1, shaggy fur 1, slow metabolism 1, sharp paws
a: no special abilities


You were on level 2 of the Dungeon.
You were completely stuffed.

You visited 1 branch of the dungeon, and saw 2 of its levels.

You collected 27 gold pieces.

Inventory:

Missiles
 a - 12 arrows
Scrolls
 e - a scroll of blinking {unknown}
 k - a scroll of identify {unknown}
 l - a scroll of immolation {unknown}
Potions
 f - a potion of lignification {unknown}
 g - 2 potions of heal wounds {unknown}
 h - 2 potions of haste {unknown}
 i - a potion of curing {unknown}
 j - a potion of magic {unknown}
Books
 b - a book of Changes

   Spells                             Type                      Level
   a - Beastly Appendage              Transmutation                1
   b - Sticks to Snakes               Transmutation                2
   c - Spider Form                    Transmutation/Poison         3
   d - Ice Form                       Ice/Transmutation            4
   e - Blade Hands                    Transmutation                5
Comestibles
 c - a meat ration
 d - a beef jerky


   Skills:
 - Level 1.0 Fighting
 + Level 3.1 Dodging
 * Level 3.5 Unarmed Combat
 - Level 2.0 Spellcasting
 + Level 2.7 Transmutations


You had 2 spell levels left.
You knew the following spells:

 Your Spells              Type           Power        Failure   Level  Hunger
a - Beastly Appendage     Trmt           #.....       10%         1    ##.....
b - Sticks to Snakes      Trmt           #.......     14%         2    ###....


Dungeon Overview and Level Annotations

Branches:
Dungeon (2/15)

Altars:
Ashenzari


Innate Abilities, Weirdness & Mutations

You cannot wear armour.
You are incapable of wielding weapons or throwing items.
You have sharp claws.
You have razor-sharp teeth.
You have supernaturally acute eyesight.
You are carnivorous and can eat meat at any time.
You cover ground quickly.
You are covered in fur (AC +1).
You have a slow metabolism.
Your sharp claws are effective at attacking unaware monsters.


Message History

The giant cockroach is almost dead.
The giant cockroach completely misses you.
The rat closely misses you.
You scratch the giant cockroach.
You kill the giant cockroach!
The rat misses you.
You closely miss the rat. The rat bites you.
You scratch the rat but do no damage. The rat bites you.
You closely miss the hobgoblin. The hobgoblin closely misses you.
The rat completely misses you.
You scratch the hobgoblin.
The hobgoblin is lightly wounded.
The hobgoblin closely misses you. The rat bites you.
You scratch the hobgoblin but do no damage.
The hobgoblin is lightly wounded.
The hobgoblin misses you. The rat completely misses you.
You scratch the hobgoblin.
The hobgoblin is almost dead.
The hobgoblin hits you with a club.
You die...

.. .# # #.##..
#########......
##.....#......##
##..........%....
#.....r.........#
#)....)@.<.......
#.......g........
#................
#................
#................
##..............s
##_....#).......
########..?..##


You could see a hobgoblin and a rat.

Vanquished Creatures
  A ball python (D:1)
  2 giant cockroaches
  2 goblins
  2 hobgoblins (D:1)
  3 jackals (D:1)
  2 kobolds (D:1)
  3 bats (D:1)
  2 giant newts (D:1)
  5 rats (D:1)
22 creatures vanquished.

Notes
Turn   | Place    | Note
--------------------------------------------------------------
     0 | D:1      | HungrySpirit the Felid Transmuter began the quest for the Orb.
     0 | D:1      | Reached XP level 1. HP: 9/9 MP: 4/4
   217 | D:1      | Reached XP level 2. HP: 7/12 MP: 6/6
   694 | D:1      | Learned a level 2 spell: Sticks to Snakes
  1121 | D:2      | Found a shattered altar of Ashenzari.
  1133 | D:2      | Slain by a hobgoblin

Skill      XL: |  1  2 |
---------------+-------+-----
Dodging        | 3 |  3.1
Fighting       | |  1.0
Unarmed Combat | |  3.5
Spellcasting   | |  2.0
Transmutations | |  2.7

Action                   || total
-------------------------++-------
Melee: Unarmed           ||    73
       Bite              ||     6
       Punch             ||     1
 Cast: Beastly Appendage ||     1
 Stab: Sleeping          ||     2
  Eat: Chunk             ||     8
Armor: Skin              ||     6
Dodge: Dodged            ||    72
